 Dungeon Crawl Stone Soup version 0.31.0-4-g52a2dc7128 (webtiles) character file.

Game seed: 5167649527231216200

77 DemonSlayer the Digger (level 4, -4/31 HPs)
             Began as a Demonspawn Earth Elementalist on Jan 22, 2024.
             Slain by an orc
             ... wielding a +4 falchion
              (6 damage)
             ... on level 3 of the Dungeon.
             The game lasted 00:01:27 (926 turns).

DemonSlayer the Digger (DsEE)                        Turns: 926, Time: 00:01:28

Health: -4/31      AC:  2    Str:  8    XL:     4   Next: 13%
Magic:  7/7        EV: 12    Int: 15    God:
Gold:   44         SH:  0    Dex: 16    Spells: 6/7 levels left

rFire   . . .        c - +0 short sword (elec)
rCold   . . .        (no shield)
rNeg    . . .        a - +0 robe
rPois   .            (helmet restricted)
rElec   .            (no cloak)
rCorr   .            (no gloves)
SInv    .            (no boots)
Will    .....        (no amulet)
Stlth   ++           (no ring)
HPRegen 0.25/turn    (no ring)
MPRegen 0.10/turn

%: no passive effects
@: no status effects
A: horns 1
a: no special abilities


You were on level 3 of the Dungeon.
You visited 1 branch of the dungeon, and saw 3 of its levels.

You collected 44 gold pieces.

Inventory:

Hand Weapons
 c - a +0 short sword of electrocution (weapon)
Armour
 a - a +0 robe (worn)
Scrolls
 d - 2 scrolls of blinking {unknown}
 f - a scroll of enchant weapon {unknown}
 i - a scroll of noise {unknown}
 j - a scroll of silence {unknown}
Potions
 b - a potion of magic
 e - a potion of enlightenment {unknown}
 g - a potion of degeneration {unknown}
 h - a potion of brilliance {unknown}


   Skills:
 + Level 0.4 Fighting
 + Level 0.3 Short Blades
 + Level 2.1 Dodging
 + Level 2.2 Stealth
 + Level 2.2 Spellcasting
 + Level 1.0 Conjurations
 + Level 3.8 Earth Magic


You had 6 spell levels left.
You knew the following spells:

 Your Spells              Type           Power      Damage    Failure   Level
a - Sandblast             Erth           26%        2d8       4%          1

Your spell library contained the following spells:

 Spells                   Type           Power      Damage    Failure   Level
 Passwall                 Erth           13%        N/A       13%         3
 Kiss of Death            Conj/Necr      12%        2d6       19%         1
 Sting                    Conj/Alch      12%        1d3       19%         1
 Apportation              Tloc           2%         N/A       22%         1
 Necrotise                Necr           4%         1d4       22%         1
 Summon Small Mammal      Summ           4%         N/A       22%         1
 Stone Arrow              Conj/Erth      18%        3d8       24%         3
 Confusing Touch          Hex            1%         N/A       54%         3
 Brom's Barrelling Bould  Conj/Erth      9%         2d3       61%         4
 Petrify                  Alch/Erth      7%         N/A       67%         4
 Dispel Undead            Necr           1%         3d6       91%         4


Dungeon Overview and Level Annotations

Branches:
Dungeon (3/15)

Altars:
Xom


Innate Abilities, Weirdness & Mutations

You have a pair of small horns on your head.


Message History

The kobold barely misses you.
You barely miss the kobold.
The kobold hits you with a +0 short sword.
You barely miss the orc. Your headbutt misses the orc. The kobold misses you.
You hit the orc. You headbutt the orc.
You kill the orc!
The kobold hits you with a +0 short sword.
The orc hits you with a +4 falchion.
You are too injured to fight recklessly!
You are too injured to fight recklessly!
You are too injured to fight recklessly!
You are too injured to fight recklessly!
You are too injured to fight recklessly!
You are too injured to fight recklessly!
You are too injured to fight recklessly!
You are too injured to fight recklessly!
You are too injured to fight recklessly!
You are too injured to fight recklessly!
You are too injured to fight recklessly!
You barely miss the orc. The kobold hits you but does no damage.
The orc hits you with a +4 falchion!
* * * LOW HITPOINT WARNING * * *
You barely miss the orc. The kobold hits you but does no damage.
The orc barely misses you.
You hit the orc but do no damage. The kobold closely misses you.
The orc closely misses you.
You hit the orc.
The orc is heavily wounded.
The kobold hits you with a +0 short sword.
* * * LOW HITPOINT WARNING * * *
The orc closely misses you.
You hit the orc.
The orc is severely wounded.
The kobold closely misses you. The orc barely misses you.
You barely miss the orc. Your headbutt misses the orc.
The orc is heavily wounded.
The kobold hits you with a +0 short sword.
* * * LOW HITPOINT WARNING * * *
The orc hits you with a +4 falchion.
You die...

######## #......#
#......# . #......###
#.. ##+## #........####
.....#)o.###...........#
......K@................
.#....)..######'#......#
######### #.#....#.#
#[#..#.#.# #.#..#.# #
########'#..#.# #
#....)..)...#.# #
#.##.....)).#.###
#.)......#....


You could see an orc and a kobold.

Vanquished Creatures
  4 adders (D:3)
  10 orcs (D:3)
  3 endoplasms
  4 goblins (D:1)
  2 jackals (D:1)
  A kobold (D:1)
  A ball python (D:1)
  5 rats (D:1)
30 creatures vanquished.

Notes
Turn   | Place    | Note
-------+----------+-------------------------------------------
     0 | D:1      | DemonSlayer the Demonspawn Earth Elementalist began the
                  | quest for the Orb.
     0 | D:1      | Reached XP level 1. HP: 13/13 MP: 3/3
   328 | D:1      | Reached skill level 3 in Earth Magic
   328 | D:1      | Discovered your monstrous ancestry.
   328 | D:1      | Gained mutation: You have a pair of small horns on your
                  | head. [demonic ancestry]
   328 | D:1      | Reached XP level 2. HP: 20/20 MP: 3/5
   420 | D:2      | Found a shimmering altar of Xom.
   464 | D:3      | Reached XP level 3. HP: 2/25 MP: 6/6
   464 | D:3      | HP: 1/25 [poisoned by an adder]
   850 | D:3      | Reached XP level 4. HP: 22/31 MP: 7/7
   926 | D:3      | Slain by an orc

Illustrated notes

Levels and vault maps discovered:
D:1:      erik_arrival_orb_chamber, layout_loops_ring
D:2:      layout_basic, basic_altar, hangedman_abyss_or_decor_stabs,
          chequers_decorated_corner, serial_bayou_lagoon_a
D:3:      layout_basic

Skill      XL: |  1  2  3 |
---------------+----------+-----
Stealth        | 2 |  2.2
Earth Magic    | 3 |  3.8
Dodging        | 2 |  2.1
Fighting       | |  0.4
Short Blades   | |  0.3
Spellcasting   | |  2.2
Conjurations   | |  1.0

Action                     |  1- 3 |  4- 6 || total
---------------------------+-------+-------++-------
  Melee: Short sword       |    67 |    23 ||    90
         Headbutt          |    10 |     4 ||    14
   Cast: Sandblast         |    10 |       ||    10
   Stab: Sleeping          |     2 |       ||     2
 Armour: Robe              |    40 |    16 ||    56
  Dodge: Dodged            |    42 |    15 ||    57
